 Dungeon Crawl Stone Soup version 0.17-a0-1164-g0ba867e (webtiles) character file.

108 Hanyuu the Insei (level 4, -4/28 HPs)
             Began as an Octopode Transmuter on May 28, 2015.
             Slain by an orc
             ... wielding a +0 hand axe of distortion
              (5 damage)
             ... on level 3 of the Dungeon.
             The game lasted 00:07:25 (3001 turns).

Hanyuu the Insei (Octopode Transmuter)              Turns: 3001, Time: 00:07:25

Health: -4/28      AC:  1    Str:  9    XL:     4   Next: 87%
Magic:  4/7        EV: 12    Int: 16    God:
Gold:   99         SH:  0    Dex: 12    Spells: 3 memorised, 1 level left

rFire  . . .     SeeInvis .       - Unarmed
rCold  . . .     Clarity  .     (no shield)
rNeg   . . .     SustAt   .     f - +0 hat
rPois  .         Gourm    .     (no amulet)
rElec  .         Spirit   .     h - ring of flight
rCorr  .         Warding  .     (no ring)
rMut   .         Stasis   .     (no ring)
MR     .....                    (no ring)
Stlth  ++........               (no ring)
                                (no ring)
                                (no ring)
                                (no ring)

@: very slightly contaminated, not resistant to hostile enchantments, unstealthy
A: almost no armour, amphibious, 8 rings, constrict 8, camouflage 1, gelatinous
body 1
a: Evoke Flight


You were on level 3 of the Dungeon.
You were not hungry.

You visited 1 branch of the dungeon, and saw 3 of its levels.

You collected 99 gold pieces.

Inventory:

Missiles
 a - 22 arrows
 m - a throwing net (quivered)
Armour
 f - a +0 hat (worn)
Jewellery
 h - a ring of flight (left tentacle)
Scrolls
 r - a scroll of teleportation {unknown}
Potions
 e - a potion of invisibility {unknown}
 i - a potion of agility {unknown}
 n - a potion of berserk rage {unknown}
 o - a potion of lignification {unknown}
 p - a potion of resistance
Books
 b - a book of Changes

   Spells                             Type                      Level
   a - Beastly Appendage              Transmutation                1
   b - Sticks to Snakes               Transmutation                2
   c - Spider Form                    Transmutation/Poison         3
   d - Ice Form                       Ice/Transmutation            4
   e - Blade Hands                    Transmutation                5
 l - a book of the Sky

   Spells                             Type                      Level
   a - Summon Lightning Spire         Summoning/Air                4
   b - Airstrike                      Air                          4
   c - Silence                        Hexes/Air                    5
   d - Deflect Missiles               Charms/Air                   6
   e - Conjure Ball Lightning         Conjuration/Air              6
   f - Tornado                        Air                          9
Comestibles
 c - 5 bread rations
 d - 3 meat rations
 g - 2 slices of pizza
 j - 3 beef jerkies
 k - 6 chunks of flesh
 q - 8 fruits


   Skills:
 - Level 1.0 Fighting
 - Level 2.0 Dodging
 + Level 5.2 Unarmed Combat
 - Level 2.0 Spellcasting
 + Level 2.4 Transmutations


You had one spell level left.
You knew the following spells:

 Your Spells              Type           Power        Failure   Level  Hunger
a - Beastly Appendage     Trmt           #.....       10%         1    #......
b - Sticks to Snakes      Trmt           #.........   14%         2    ###....
c - Spider Form           Trmt/Pois      #.........   38%         3    ###....


Dungeon Overview and Level Annotations

Branches:
Dungeon (3/15)

Altars:
Xom


Innate Abilities, Weirdness & Mutations

You cannot wear most types of armour.
You are amphibious.
You can wear up to eight rings at the same time.
You can use your tentacles to constrict eight enemies at once.
Your skin changes colour to match your surroundings (Stealth).
Your rubbery body absorbs attacks (AC +1).


Message History

The orc shouts!
A hobgoblin comes into view.
The orc hits you with a hand axe of distortion!
Space bends around you.
You closely miss the orc.
The hobgoblin shouts!
Your grab misses the orc.
The orc hits you with a hand axe of distortion.
Space bends around you.
* * * LOW HITPOINT WARNING * * *
You are too injured to fight recklessly!
Casting: Beastly Appendage
Confirm with . or Enter, or press ? or * to list all spells.
You miscast Spider Form.
You are very lightly contaminated with residual magic.
Nothing appears to happen.
The orc hits you with a hand axe of distortion.
* * * LOW HITPOINT WARNING * * *
Space bends around you.
You die...

#.##.##.#
#.#...### #
#.##.##.# ####
#.......# #
#.......# ...##
#.......#####
####.#### #...#
#............ #.#
#...#
###.......... #.##
#.##.s.
#..........
#####..#####.g.g.#
##..#######
#.........# #o#
###..#### #
#.8..#.##.# #@#
#.......## #
#..⌠.#.##.##
#.#####.#..##..###
#.8..#.....#
#..........##...##
#...#####..#
#.>........#......
##..#####..#
##.####.........##
##........######.#
#........###
########........#
##.###.......
#######..#
#.......#.##. ##.#
#..#.........


You could see an orc, a giant cockroach and a hobgoblin.

Vanquished Creatures
  2 adders
  3 oozes
  2 giant geckos (D:1)
  An orc (D:3)
  10 bats
  7 hobgoblins
  10 jackals
  3 quokkas
  2 ball pythons
  2 giant cockroaches
  A giant newt (D:1)
  11 goblins
  9 kobolds
  6 rats
69 creatures vanquished.

Notes
Turn   | Place    | Note
--------------------------------------------------------------
     0 | D:1      | Hanyuu the Octopode Transmuter began the quest for the Orb.
     0 | D:1      | Reached XP level 1. HP: 13/13 MP: 3/3
   221 | D:1      | Reached XP level 2. HP: 12/18 MP: 5/5
   470 | D:1      | Reached skill level 4 in Unarmed Combat
   503 | D:1      | Reached XP level 3. HP: 14/23 MP: 4/6
   507 | D:1      | Learned a level 2 spell: Sticks to Snakes
   511 | D:1      | Learned a level 3 spell: Spider Form
  1950 | D:2      | Found a shimmering altar of Xom.
  1950 | D:2      | Found a shimmering altar of Xom.
  1952 | D:2      | Found a shimmering altar of Xom.
  1952 | D:2      | Found a shimmering altar of Xom.
  1952 | D:2      | Found a shimmering altar of Xom.
  2024 | D:2      | Reached XP level 4. HP: 28/28 MP: 5/7
  2618 | D:3      | Reached skill level 5 in Unarmed Combat
  3001 | D:3      | HP: 1/28 [orc/hand axe of distortion (5)]
  3001 | D:3      | Slain by an orc

Vault maps used:
D:1:      erik_arrival_gehennom
D:2:      xom_redecorated, first_bread
D:3:      minmay_misc_feat_rows, hangedman_feature_mirror

Action                   |  1- 3 |  4- 6 || total
-------------------------+-------+-------++-------
Melee: Unarmed           |   105 |    73 ||   178
 Cast: Beastly Appendage |     4 |     5 ||     9
 Abil: Evoke Flight      |     1 |       ||     1
  Use: Scroll            |       |     3 ||     3
 Stab: Sleeping          |     5 |     2 ||     7
  Eat: Chunk             |     4 |     3 ||     7
